 Dungeon Sprint DCSS version 0.29-a0-364-g921d912d32 (webtiles) character file.

Game seed: 9967360289134157001

2486 mhtbhm the Cleaver (level 9, -7/136 HPs)
             Began as a Pale Draconian Berserker on Apr 30, 2022.
             Was the Champion of Trog.
             Mangled by a snapping turtle (15 damage)
             ... in the Dungeon (Sprint VII: "The Pits").
             The game lasted 00:02:06 (1688 turns).

mhtbhm the Cleaver (Pale Draconian Berserker)       Turns: 1688, Time: 00:02:07

Health: -7/136     AC:  8    Str: 24    XL:     9   Next: 27%
Magic:  9/9        EV: 15    Int: 13    God:    Trog [******]
Gold:   0          SH:  0    Dex: 11    Spells: 8/8 levels left

rFire   . . .      SeeInvis .   a - +3 battleaxe (vorpal)
rCold   . . .      Faith    .   (shield currently unavailable)
rNeg    . . .      Spirit   .   (body armour unavailable)
rPois   .          Reflect  .   (helmet restricted)
rElec   .          Harm     .   m - +0 cloak {Will+}
rCorr   .          Rampage  .   (no gloves)
Will    +....      NoTele   +   (no boots)
Stlth   ..........              (no amulet)
HPRegen 0.32/turn               k - +3 ring of intelligence
MPRegen 0.11/turn               j - +3 ring of intelligence

@: berserking, lethally poisoned (-7 -> -41), very quick
A: breathe steam, AC +7, unfitting armour, cold-blooded, steam resistance
a: Breathe Steam, Renounce Religion, Berserk, Trog's Hand, Brothers in Arms


You were in the Dungeon.
You worshipped Trog.
Trog was exalted by your worship.
You visited 1 branch

Inventory:

Hand Weapons
 a - a +3 vorpal battleaxe (weapon)
Armour
 m - a +0 cloak of willpower (worn)
Jewellery
 j - a +3 ring of intelligence (right hand)
 k - a +3 ring of intelligence (left hand)
Scrolls
 g - a scroll of blinking
 i - a scroll of summoning
Potions
 b - 9 potions of curing
 c - 10 potions of heal wounds
 d - a potion of haste
 e - 4 potions of magic
 f - 4 potions of berserk rage
 h - 2 potions of invisibility
 l - 3 potions of might


   Skills:
 + Level 12.4 Fighting
 + Level 14.4 Axes
 + Level 10.4 Dodging
 + Level 4.1 Stealth


You had 8 spell levels left.
You didn't know any spells.
Your spell library was empty.

Dungeon Overview and Level Annotations

Branches:
Dungeon (1/1)

Altars:


Innate Abilities, Weirdness & Mutations

You can breathe blasts of scalding, opaque steam.
Your pale cyan-grey scales are hard. (AC +7)
You cannot fit into any form of body armour.
You are cold-blooded and may be slowed by cold attacks.
You are immune to the effects of steam.


Message History

You are too injured to fight recklessly!
You are too injured to fight recklessly!
You are too injured to fight recklessly!
You are too injured to fight recklessly!
You are too injured to fight recklessly!
Unknown command.
The snapping turtle bites you but does no damage.
A red film seems to cover your vision as you go berserk!
You feel yourself moving faster!
You feel mighty!
The black mamba closely misses you. x2; The snapping turtle bites you!
You slice the snapping turtle!!
The snapping turtle is heavily wounded.
You slash the black mamba! The black mamba bites you.
The snapping turtle bites you!
You hit the snapping turtle but do no damage.
The snapping turtle is heavily wounded.
You slash the black mamba! The black mamba bites you.
* * * LOW HITPOINT WARNING * * *
You are poisoned.
The black mamba poisons you! The black mamba bites you.
* * * LOW HITPOINT WARNING * * *
You are lethally poisoned!
The black mamba poisons you!
Unknown command.
You slice the black mamba!!
You kill the black mamba!
Trog accepts your kill.
You barely miss the snapping turtle.
* * * LOW HITPOINT WARNING * * *
You feel extremely sick. The snapping turtle bites you!
* * * LOW HITPOINT WARNING * * *
Your Stealth skill increases to level 4!
Unknown command.
You hit the snapping turtle.
The snapping turtle is severely wounded.
* * * LOW HITPOINT WARNING * * *
You feel extremely sick. The snapping turtle bites you!
You die...

.....##.......##[)..##..+
.....##.......##...##...#
#'#####...<...##..##...#
)))..##.......##.†#...#
)))..##.......##..'..#
#######.......##.##..#
..#..#############...+
..#)#############....#
..#)#....#..[[##@†#..#
.##'#)...#...[##t###..#
..#.))...'..))#### #..#
..#'#)...#..))# ..+
..')#....#..))# ..#
############### ##


You could see a snapping turtle.

Vanquished Creatures
  A death yak (D)
  A large abomination (D)
  A smoke demon (D)
  A black mamba (D)
  2 flying skulls (D)
  An ogre (D)
  A bullfrog (D)
  A necrophage (D)
  A crimson imp (D)
  2 orc priests (D)
  Crazy Yiuf (D)
  A gnoll shaman (D)
  3 orc wizards (D)
  A gnoll (D)
  An adder (D)
  A river rat (D)
  A white imp (D)
  4 orcs (D)
  A bat skeleton (D)
  A hobgoblin (D)
  2 kobolds (D)
  2 ball pythons (D)
  2 bats (D)
  A frilled lizard (D)
  2 goblins (D)
  A quokka zombie (D)
37 creatures vanquished.

Notes
Turn   | Place    | Note
-------+----------+-------------------------------------------
     0 | D        | mhtbhm the Draconian Berserker began the quest for the Orb.
     0 | D        | Reached XP level 1. HP: 19/19 MP: 1/1
    56 | D        | Reached XP level 2. HP: 13/27 MP: 2/2
   243 | D        | Reached ** piety under Trog
   358 | D        | Reached *** piety under Trog
   359 | D        | Reached skill level 5 in Fighting
   359 | D        | Reached skill level 4 in Axes
   359 | D        | Reached XP level 3. HP: 36/36 MP: 3/3
   361 | D        | Reached skill level 5 in Axes
   361 | D        | Reached skill level 5 in Dodging
   364 | D        | Reached XP level 4. HP: 44/44 MP: 4/4
   364 | D        | Reached **** piety under Trog
   474 | D        | Noticed a bullfrog
   487 | D        | Killed a bullfrog
   488 | D        | Reached skill level 6 in Axes
   488 | D        | Reached XP level 5. HP: 34/51 MP: 5/5
   493 | D        | Reached ***** piety under Trog
   515 | D        | Noticed an ogre
   688 | D        | Killed an ogre
   689 | D        | Reached skill level 7 in Axes
   763 | D        | Reached skill level 8 in Axes
   825 | D        | Reached skill level 1 in Stealth
   825 | D        | Reached XP level 6. HP: 62/62 MP: 6/6
   826 | D        | Noticed a flying skull
   835 | D        | Killed a flying skull
   835 | D        | Received a gift from Trog
   836 | D        | Reached skill level 9 in Axes
   875 | D        | Your scales start taking on a pale cyan-grey colour.
   875 | D        | Reached XP level 7. HP: 62/70 MP: 7/7
   875 | D        | Gained mutation: You are immune to the effects of steam.
                  | [Pale Draconian growth]
   923 | D        | Noticed a large abomination
   923 | D        | Noticed a smoke demon
   925 | D        | Reached skill level 10 in Axes
   927 | D        | Received a gift from Trog
   931 | D        | Killed a smoke demon
   932 | D        | Reached skill level 10 in Fighting
   932 | D        | Reached skill level 11 in Axes
   935 | D        | Killed a large abomination
   936 | D        | Reached skill level 12 in Axes
   936 | D        | Reached XP level 8. HP: 30/82 MP: 8/8
  1230 | D        | Noticed Crazy Yiuf
  1235 | D        | Killed Crazy Yiuf
  1238 | D        | Reached ****** piety under Trog
  1458 | D        | Noticed a flying skull
  1460 | D        | Noticed a death yak
  1468 | D        | Killed a flying skull
  1468 | D        | Received a gift from Trog
  1469 | D        | Reached skill level 13 in Axes
  1492 | D        | Killed a death yak
  1493 | D        | Reached skill level 14 in Axes
  1493 | D        | Reached skill level 10 in Dodging
  1493 | D        | Reached XP level 9. HP: 45/90 MP: 9/9
  1677 | D        | Noticed a black mamba
  1687 | D        | Killed a black mamba
  1688 | D        | Mangled by a snapping turtle

Illustrated notes

Levels and vault maps discovered:
D:        pitsprint [storerooms_1, entrance_room_1, metal_vault_7, armoury_2,
          mini_pit_1, grid_room_1, main_hall_1, silver_pit, the_coven_2,
          the_vestibule_1, steel_vault_5, golden_pit, hallway_of_sentries,
          crystal_vault_5, iron_vault_1, final_vault]

Skill      XL: |  1  2  3  4  5  6  7  8  9 |
---------------+----------------------------+-----
Fighting       | 4 5 6 8 9 11 12 | 12.4
Dodging        | 3 4 5 6 7 8 9 10 | 10.4
Axes           | 4 5 6 8 9 12 14 | 14.4
Stealth        | 1 3 4 |  4.1

Action                   |  1- 3 |  4- 6 |  7- 9 || total
-------------------------+-------+-------+-------++-------
Melee: Hand axe          |    19 |    51 |       ||    70
       Tailslap          |     2 |     6 |     4 ||    12
       Punch             |       |     1 |       ||     1
       Battleaxe         |       |     2 |    31 ||    33
Invok: Berserk           |     2 |       |     3 ||     5
 Abil: Breathe Steam     |       |       |     1 ||     1
  Use: Potion            |     1 |       |       ||     1
 Stab: Sleeping          |       |     1 |       ||     1
Armor: Skin              |     6 |    10 |     9 ||    25
Dodge: Dodged            |    12 |    28 |    20 ||    60

Table legend: (Time is in decaauts)
 A = Elapsed time spent in this place.
 B = Non-inter-level travel time spent in this place.
 C = Inter-level travel time spent in this place.
 D = Time resting spent in this place.
 E = Time spent auto-exploring this place.
 F = Levels seen in this place.
 G = Mean time per level.
                   A        B        C        D        E       F      G
               +--------+--------+--------+--------+--------+-----+--------+
         Total |   1713 |   1713 |      0 |   1292 |      6 |   1 | 1713.0 |
       Dungeon |   1713 |   1713 |      0 |   1292 |      6 |   1 | 1713.0 |
               +--------+--------+--------+--------+--------+-----+--------+

Top non-repeatable levels by time:
       D: 1713 daAuts
